 Dungeon Crawl Stone Soup version 0.23.1 (webtiles) character file.

Game seed: 4076792809891097528

7034 GotenAND the Cleaver (level 10, -22/136 HPs)
             Began as a Deep Dwarf Fighter on Mar 8, 2019.
             Was an Elder of Makhleb.
             Annihilated by an orc warlord
             ... wielding a +0 great sword
              (50 damage)
             ... in a bailey.
             The game lasted 00:20:38 (6964 turns).

GotenAND the Cleaver (Deep Dwarf Fighter)           Turns: 6964, Time: 00:20:38

Health: -22/136    AC: 25    Str: 23    XL:     10   Next: 83%
Magic:  3/3        EV:  2    Int:  9    God:    Makhleb [****..]
Gold:   502        SH: 11    Dex: 12    Spells: 17/17 levels left

rFire    . . .     SeeInvis .   a - +2 war axe (flame)
rCold    . . .     Gourm    .   c - +0 shield
rNeg     + + +     Faith    .   (armour currently unavailable)
rPois    +         Spirit   .   (helmet currently unavailable)
rElec    .         Reflect  .   (cloak currently unavailable)
rCorr    .         Harm     .   (gloves currently unavailable)
MR       +....     NoTele   +   (boots currently unavailable)
Stlth    ++........             (no amulet)
HPRegen  0.00/turn              r - ring of stealth
MPRegen  0.08/turn              E - ring of poison resistance

@: tree-form (expiring), non-regenerating
A: damage resistance, heal wounds, sense surroundings 2, no regeneration
a: Heal Wounds, Minor Destruction, Lesser Servant of Makhleb, Major Destruction,
Renounce Religion


You were in a bailey.
You worshipped Makhleb.
Makhleb was greatly pleased with you.
You were not hungry.
You were a tree.
You visited 2 branches of the dungeon, and saw 10 of its levels.
You also visited: Bailey.

You collected 502 gold pieces.

Inventory:

Hand Weapons
 a - a +2 war axe of flaming (weapon)
Armour
 c - a +0 shield (worn)
 h - a +0 pair of boots (melded)
 m - a +0 cloak (melded)
 o - a +0 helmet (melded)
 s - a +0 plate armour
 B - a +2 ring mail of cold resistance (melded)
Jewellery
 r - a ring of stealth (left branch)
 A - the ring "Wuopam" {MR+ Str-5 Dex+6}
   (You found it on level 8 of the Dungeon)

   [ring of protection from magic]

   It affects your strength (-5).
   It affects your dexterity (+6).
   It affects your resistance to hostile enchantments.
 E - a ring of poison resistance (right branch)
Scrolls
 e - a scroll of amnesia
 j - 2 scrolls of immolation
 n - 4 scrolls of teleportation
 p - a scroll of fear
 v - 4 scrolls of remove curse
 w - a scroll of magic mapping
 x - 2 scrolls of identify
 y - a scroll of enchant weapon
Potions
 b - a potion of lignification
 d - 2 potions of might
 i - 2 potions of agility
 k - 2 potions of heal wounds
 l - 2 potions of haste
 q - 2 potions of curing
 t - a potion of magic {unknown}
 u - a potion of berserk rage
 z - a potion of resistance
Comestibles
 f - 12 rations
 g - 30 chunks of flesh


   Skills:
 * Level 6.0 Fighting
 * Level 11.5 Axes
 * Level 7.1 Armour
 + Level 3.6 Dodging
 * Level 7.6 Shields
 * Level 4.3 Spellcasting
 * Level 5.8 Invocations


You had 17 spell levels left.
You didn't know any spells.
Your spell library contained the following spells:

 Spells                   Type           Power        Failure   Level  Hunger
 Animate Skeleton         Necr           N/A          56%         1    #......
 Flame Tongue             Conj/Fire      #....        56%         1    #......
 Infusion                 Chrm           #...         56%         1    #......
 Pain                     Necr           #...         56%         1    #......
 Shroud of Golubria       Chrm/Tloc      #.........   71%         2    ###....
 Song of Slaying          Chrm           #.......     71%         2    ###....
 Throw Flame              Conj/Fire      #.....       71%         2    ###....
 Conjure Flame            Conj/Fire      #.......     90%         3    ###....
 Inner Flame              Hex/Fire       #.......     90%         3    ###....
 Spectral Weapon          Hex/Chrm       #.......     90%         3    ###....
 Vampiric Draining        Necr           #.........   90%         3    ###....
 Animate Dead             Necr           N/A          100%        4    #####..
 Sticky Flame             Conj/Fire      #.......     100%        4    #####..
 Fireball                 Conj/Fire      #.........   100%        5    ######.
 Regeneration             Chrm/Necr      Unusable     N/A         3    N/A

Dungeon Overview and Level Annotations

Branches:
Dungeon (9/15)             Temple (1/1) D:4
   Lair: D:8-11         Orc: D:9-12

Altars:
Ashenzari
Cheibriados
Elyvilon
Fedhas
Gozag
Hepliaklqana
Kikubaaqudgha
Makhleb
Nemelex Xobeh
Qazlal
Ru
Sif Muna
Trog
Uskayaw
Vehumet
Wu Jian
Xom
Yredelemnul
Zin
The Shining One

Shops:
D:9 (


Innate Abilities, Weirdness & Mutations

You are resistant to damage.
You can heal yourself by infusing magical energy.
You passively map the area around you.
You do not regenerate.


Message History

Your transformation is almost over.
You block the orc knight's attack. You block the orc warrior's attack.
The orc warlord completely misses you.
You fail to use your ability.
The orc knight hits you with a +0 war axe!!
The orc warrior hits you with a +0 war axe!
The orc warlord hits you with a +0 great sword!!!
* * * LOW HITPOINT WARNING * * *
You are too injured to fight recklessly!
Unknown command.
You are too injured to fight recklessly!
You are too injured to fight recklessly!
Unknown command.
You fail to use your ability.
The orc knight hits you with a +0 war axe!
* * * LOW HITPOINT WARNING * * *
The orc warrior hits you with a +0 war axe.
You feel much better.
The orc warlord hits you with a +0 great sword!!!
You die...

#.........# ##.........##
#######.....⌠.....#######
##.....##........)##.....##
#.....))'........)'.......#
##......)##.......##.......##
#......)..#.......#.........#
##.........##88.88##.........##
#.....).....###♣###.....⌠.....#
##.........###ooo###.........##
#.........#.ogoog.#.........#
##...)...##..og...##.......##
#...)...#.........#.......#
##.....##.........##..)))##
##)####...........####'##
#.....##.........##.....##
#.......# , #.......#


You could see an orc warlord, an orc knight, 4 orc warriors, a gnoll, an orc, a
hobgoblin and a goblin.

Vanquished Creatures
  2 orc knights (Bailey)
  2 hippogriffs (D:8)
  6 yaks (D:9)
  Edmund (D:5)
  Duvessa (D:6)
  2 ice beasts
  3 ogres
  9 orc warriors
  A phantom (D:7)
  A sky beast (D:5)
  A centaur (D:8)
  Blork the orc (D:4)
  A big kobold (D:8)
  6 bullfrogs
  Dowan (D:6)
  A water moccasin zombie (D:6)
  A scorpion (D:9)
  9 killer bees (D:8)
  3 wights (D:6)
  4 howler monkeys
  2 bullfrog zombies (D:6)
  4 crimson imps
  A centaur zombie (D:6)
  3 hounds
  A jelly (D:9)
  6 orc priests
  A bullfrog skeleton (D:6)
  6 centaur skeletons
  13 orc wizards
  2 iguanas (D:4)
  8 worker ants
  A killer bee zombie (D:8)
  3 hound zombies (D:6)
  A hound skeleton (D:6)
  2 worker ant zombies
  3 howler monkey zombies
  7 adders
  17 gnolls
  A howler monkey skeleton (D:8)
  A shadow imp (D:8)
  An ooze (D:3)
  An adder zombie (D:6)
  3 adder skeletons
  A worm (D:2)
  A dart slug (D:1)
  2 leopard geckos
  33 orcs
  A ball python (D:3)
  8 giant cockroaches
  22 goblins
  23 hobgoblins
  15 jackals
  12 kobolds
  3 quokkas
  5 bats
  2 frilled lizards
  A giant cockroach zombie (D:6)
  A leopard gecko zombie (D:6)
  8 rats
282 creatures vanquished.

Notes
Turn   | Place    | Note
-------+----------+-------------------------------------------
     0 | D:1      | GotenAND the Deep Dwarf Fighter began the quest for the
                  | Orb.
     0 | D:1      | Reached XP level 1. HP: 20/20 MP: 1/1
   248 | D:1      | Reached XP level 2. HP: 25/27 MP: 2/2
   654 | D:2      | Found a faded altar of an unknown god.
   684 | D:2      | Reached XP level 3. HP: 30/33 MP: 3/3
   875 | D:2      | Found an opulent altar of Gozag.
   875 | D:2      | Found a sparkling altar of Nemelex Xobeh.
   900 | D:2      | Found a hazy altar of Hepliaklqana.
   902 | D:2      | Found a faded altar of an unknown god.
   904 | D:2      | Found a bloodstained altar of Trog.
  1172 | D:3      | Reached XP level 4. HP: 35/40 MP: 5/5
  1311 | D:3      | Found a sparkling altar of Nemelex Xobeh.
  1336 | D:3      | Reached skill level 3 in Axes
  1795 | D:4      | Reached skill level 1 in Spellcasting
  1795 | D:4      | Reached XP level 5. HP: 46/49 MP: 5/5
  1899 | D:4      | Reached skill level 4 in Axes
  1903 | D:4      | Noticed an ogre
  1921 | D:4      | Killed an ogre
  1921 | D:4      | Reached XP level 6. HP: 35/56 MP: 5/7
  2082 | D:4      | Found a staircase to the Ecumenical Temple.
  2091 | Temple   | Entered the Ecumenical Temple
  2141 | Temple   | Became a worshipper of Makhleb the Destroyer
  2399 | D:4      | Noticed Blork the orc
  2412 | D:4      | Killed Blork the orc
  2412 | D:4      | Reached skill level 5 in Axes
  2682 | D:5      | Entered Level 5 of the Dungeon
  2725 | D:5      | Noticed Edmund
  2759 | D:5      | Killed Edmund
  2759 | D:5      | Reached skill level 1 in Dodging
  2759 | D:5      | Reached XP level 7. HP: 52/62 MP: 8/8
  2985 | D:5      | Reached skill level 5 in Armour
  2994 | D:5      | Reached skill level 5 in Shields
  3360 | D:5      | Reached skill level 6 in Axes
  3490 | D:5      | Found a blossoming altar of Fedhas.
  3979 | D:6      | Reached XP level 8. HP: 67/72 MP: 10/10
  3981 | D:6      | Reached skill level 1 in Invocations
  4046 | D:6      | Reached * piety under Makhleb
  4106 | D:6      | Reached skill level 7 in Axes
  4233 | D:6      | Reached skill level 8 in Axes
  4460 | D:6      | Noticed Duvessa
  4463 | D:6      | Noticed Dowan
  4476 | D:6      | Killed Duvessa
  4476 | D:6      | Gained mutation: You passively map the area around you.
                  | [Deep Dwarf growth]
  4476 | D:6      | Reached XP level 9. HP: 63/79 MP: 10/10
  4523 | D:6      | Killed Dowan
  4609 | D:6      | Found a sacrificial altar of Ru.
  4692 | D:6      | Reached ** piety under Makhleb
  4780 | D:7      | Reached skill level 9 in Axes
  5382 | D:8      | Reached skill level 5 in Fighting
  5387 | D:8      | Got a serpentine turquoise ring
  5483 | D:8      | Reached skill level 10 in Axes
  5518 | D:8      | Reached *** piety under Makhleb
  5570 | D:8      | Reached XP level 10. HP: 47/88 MP: 11/11
  6030 | D:8      | Found an ornate altar of the Wu Jian Council.
  6031 | D:8      | Found a snail-covered altar of Cheibriados.
  6279 | D:8      | Identified the ring "Wuopam" {MR+ Str-5 Dex+6} (You found
                  | it on level 8 of the Dungeon)
  6474 | D:9      | Reached skill level 5 in Invocations
  6593 | D:9      | Found Edeisum's Weapon Boutique.
  6612 | D:9      | Found a flagged portal.
  6622 | Bailey   | Entered a bailey
  6670 | Bailey   | Reached skill level 11 in Axes
  6672 | Bailey   | Reached **** piety under Makhleb
  6753 | Bailey   | Noticed an orc knight
  6773 | Bailey   | Killed an orc knight
  6920 | Bailey   | Noticed an orc knight
  6920 | Bailey   | Noticed an orc warlord
  6921 | Bailey   | Noticed an orc knight
  6957 | Bailey   | Killed an orc knight
  6963 | Bailey   | HP: 5/136 [orc knight/+0 war axe (11)]
  6964 | Bailey   | Annihilated by an orc warlord

Skill      XL: |  1  2  3  4  5  6  7  8  9 10 |
---------------+-------------------------------+-----
Shields        | 4 5 6 7 |  7.6
Fighting       | 3 4 5 6 |  6.0
Axes           | 3 4 5 6 8 10 11 | 11.5
Armour         | 4 5 6 7 |  7.1
Spellcasting   | 1 2 3 4 |  4.3
Dodging        | 1 2 3 |  3.6
Invocations    | 2 4 5 |  5.8

Action                   |  1- 3 |  4- 6 |  7- 9 | 10-12 || total
-------------------------+-------+-------+-------+-------++-------
Melee: War axe           |   129 |   181 |   477 |   273 ||  1060
 Abil: Heal Wounds       |       |     5 |    19 |    25 ||    49
  Use: Scroll            |     3 |       |    12 |     6 ||    21
       Potion            |       |       |     5 |     1 ||     6
 Stab: Distracted        |       |       |       |     1 ||     1
  Eat: Chunk             |     1 |     5 |    10 |     6 ||    22
Armor: Scale mail        |    68 |    75 |    39 |       ||   182
       Ring mail         |       |       |   215 |    61 ||   276
       Skin              |       |       |       |     9 ||     9
Dodge: Dodged            |    64 |    65 |   197 |   111 ||   437
Block: Shield            |   103 |    89 |   254 |   187 ||   633
